 Dungeon Crawl Stone Soup version 0.31-a0-810-ga77100ea1a (webtiles) character file.

Game seed: 17242975265434549881

305 dynsetu the Changeling (level 6, -2/30 HPs)
             Began as a Spriggan Shapeshifter on Sept 21, 2023.
             Killed from afar by Pikel (9 damage)
             ... with an iceblast
             ... on level 4 of the Dungeon.
             The game lasted 00:12:44 (4890 turns).

dynsetu the Changeling (Spriggan Shapeshifter)      Turns: 4890, Time: 00:12:45

Health: -2/30      AC:  2    Str: 18    XL:     6   Next: 16%
Magic:  7/7        EV: 33    Int: 12    God:
Gold:   291        SH:  0    Dex: 14    Spells: 5/5 levels left

rFire   . .          .
                       - Unarmed
rCold   + . .        (no shield)
rNeg    . . .        a - +0 animal skin
rPois   .            (helmet currently unavailable)
rElec   .            (cloak currently unavailable)
rCorr   .            (gloves unavailable)
SInv    +            (boots unavailable)
Will    +....        k - amulet of the acrobat
Stlth   ++           e - ring of protection from cold
HPRegen 0.25/turn    o - +6 ring of strength
MPRegen 0.10/turn

%: acrobat
@: beast-form, acrobatic, very quick
A: beast (slay +3), very small, no large weapons, unfitting armour, see
invisible, speed 3
a: Begin Untransformation


You were on level 4 of the Dungeon.
You were a hulking beast.
You visited 1 branch of the dungeon, and saw 4 of its levels.

You collected 291 gold pieces.

Inventory:

Missiles
 h - 8 poisoned darts
 i - 39 stones
Armour
 a - a +0 animal skin (worn)
Jewellery
 e - a ring of protection from cold (left hand)
 k - an amulet of the acrobat (around neck)
 o - a +6 ring of strength (right hand)
Talismans
 c - a beast talisman (active)
 d - a flux talisman
Scrolls
 f - 2 scrolls of teleportation {unknown}
 g - 5 scrolls of identify {unknown}
 l - 2 scrolls of vulnerability {unknown}
 m - a scroll of silence {unknown}
 p - 2 scrolls of immolation {unknown}
 r - a scroll of revelation {unknown}
 s - a scroll of summoning {unknown}
 t - a scroll of enchant armour {unknown}
Potions
 b - a potion of lignification
 j - 3 potions of heal wounds {unknown}
 n - a potion of brilliance {unknown}
 q - 2 potions of attraction {unknown}


   Skills:
 + Level 1.1 Fighting
 + Level 0.5 Throwing
 + Level 4.1 Dodging
 + Level 2.3 Stealth
 + Level 4.3 Unarmed Combat
 * Level 5.3 Shapeshifting


You had 5 spell levels left.
You didn't know any spells.
Your spell library contained the following spells:

 Spells                   Type           Power      Damage    Failure   Level
 Sting                    Tmut/Pois      0%         1d3       32%         1
 Blink                    Tloc           0%         N/A       45%         2
 Cigotuvi's Dreadful Rot  Necr/Pois/Air  0%         N/A       45%         2
 Lesser Beckoning         Tloc           0%         N/A       45%         2
 Momentum Strike          Conj/Tloc      0%         3d8       45%         2
 Poisonous Vapours        Pois/Air       0%         N/A       45%         2
 Dispel Undead            Necr           0%         3d6       97%         4
 Olgreb's Toxic Radiance  Pois           0%         N/A       97%         4
 Death Channel            Necr           0%         N/A       100%        6


Dungeon Overview and Level Annotations

Branches:
Dungeon (4/15)
 Temple: D:4-7

Altars:

Annotations:
D:3 2 transporters, jpeg9000's ghost, weakling DESu
D:4 Pikel


Innate Abilities, Weirdness & Mutations

You are a hulking beast.
Your limbs bulge with bestial killing power. (Slay +3)
You are very small and have problems with some larger weapons.
You are too small for most types of armour.
You have supernaturally acute eyesight. (SInv)
You cover ground extremely quickly. (Speed+++)


Message History

You miss the lemure.
The lemure shouts!
The lemure completely misses you.
The lemure shouts!
You hit the lemure.
The lemure is lightly wounded.
You hit Pikel but do no damage. You hit the lemure.
The lemure is lightly wounded.
The lemure hits you. Pikel misses you.
You hit the lemure.
The lemure is moderately wounded.
The lemure hits you. x2; Pikel misses you.
You closely miss the lemure.
The lemure is moderately wounded.
The lemure closely misses you. The lemure misses you.
Pikel completely misses you.
You hit the lemure.
The lemure is heavily wounded.
You hit the lemure.
The lemure is heavily wounded.
The lemure misses you. The lemure hits you!
Pikel hits you with a +1 whip of freezing!
* * * LOW HITPOINT WARNING * * *
You are too injured to fight recklessly!
You are too injured to fight recklessly!
You are too injured to fight recklessly!
You are too injured to fight recklessly!
You are too injured to fight recklessly!
You are too injured to fight recklessly!
You are too injured to fight recklessly!
You are too injured to fight recklessly!
You are too injured to fight recklessly!
You are too injured to fight recklessly!
You are too injured to fight recklessly!
Found a scroll labelled DUZXATHRUARA.
The lemure completely misses you. x2
Pikel zaps a wand.
The mass of ice explodes!
The iceblast engulfs you! You partially resist.
You die...
Pikel says, "Another soul for the market."

...#.......## #.# ##...##...##.#
................. ##..##.......#
...........###.#####..####..)...#
....................#..###.###.##
............###.......[.....####
...........................##
..#.#.....................##
...##........<..........### ..#
#...........h........#
.###..........#!.$.5....## .
...........>.......5.## #
...!...)..#.......5...##.####
...........#...#.....K........
....###.......####..5....#....
.... ....... #.......# .? .....
#.......# ......##....


You could see Pikel and 4 lemures.

Vanquished Creatures
  A howler monkey (D:2)
  An iguana (D:4)
  An orc wizard (D:3)
  3 gnolls
  9 adders
  2 worms
  A dart slug (D:4)
  8 orcs
  3 ball pythons
  10 endoplasms
  6 giant cockroaches
  4 goblins
  6 hobgoblins
  13 jackals
  3 quokkas
  4 bats
  2 frilled lizards (D:2)
  6 kobolds
  3 rats (D:2)
86 creatures vanquished.

Notes
Turn   | Place    | Note
-------+----------+-------------------------------------------
     0 | D:1      | dynsetu the Spriggan Shapeshifter began the quest for the
                  | Orb.
     0 | D:1      | Reached XP level 1. HP: 9/9 MP: 2/2
   187 | D:1      | Reached XP level 2. HP: 14/14 MP: 3/3
   616 | D:2      | Noticed a scorpion
   957 | D:2      | Reached skill level 1 in Stealth
   962 | D:2      | Reached XP level 3. HP: 17/17 MP: 4/4
  1231 | D:2      | Identified the +2 helmet of Nuskasik {-Cast rF+ Str+2 SInv}
  1608 | D:2      | Reached XP level 4. HP: 21/21 MP: 5/5
  1994 | D:3      | Found a transporter.
  2027 | D:3      | Noticed jpeg9000's ghost (weakling DESu)
  2278 | D:3      | Identified the +6 halberd of Ukydit {venom, Will+ SInv}
  2480 | D:2      | Reached XP level 5. HP: 2/25 MP: 6/6
  2659 | D:2      | Reached skill level 1 in Fighting
  2659 | D:2      | Reached skill level 5 in Shapeshifting
  3054 | D:3      | Found a transporter.
  3063 | D:3      | Found a transporter.
  3243 | D:3      | Found a transporter.
  4621 | D:4      | Reached XP level 6. HP: 7/30 MP: 7/7
  4873 | D:4      | Noticed Pikel
  4890 | D:4      | Killed from afar by Pikel

Illustrated notes

Levels and vault maps discovered:
D:1:      beargit_arrival_greenhouse, layout_basic, minmay_tetromino_s4
D:2:      layout_loops_corners, minivault_4, dk_noncrumbling_4
D:3:      layout_basic, gammafunk_ghost_gnarly_gnolls, minmay_vboxes
D:4:      layout_cave_pools, uniq_crazy_yiuf_cottage, uniq_pikel

Skill      XL: |  1  2  3  4  5 |
---------------+----------------+-----
Dodging        | 3 4 |  4.1
Stealth        | 1 2 |  2.3
Unarmed Combat | 3 4 |  4.3
Fighting       | 1 |  1.1
Shapeshifting  | 5 |  5.3
Throwing       | |  0.5

Action                     |  1- 3 |  4- 6 || total
---------------------------+-------+-------++-------
  Melee: Unarmed           |   136 |   182 ||   318
         Punch             |     1 |     4 ||     5
  Throw: Dart              |     3 |     7 ||    10
   Stab: Sleeping          |     3 |     2 ||     5
 Armour: Animal skin       |    38 |    54 ||    92
  Dodge: Dodged            |   151 |   140 ||   291
         Form:             |       |     1 ||     1
         Beast             |       |     1 ||     1

Table legend: (Time is in decaauts)
 A = Elapsed time spent in this place.
 B = Non-inter-level travel time spent in this place.
 C = Inter-level travel time spent in this place.
 D = Time resting spent in this place.
 E = Time spent auto-exploring this place.
 F = Levels seen in this place.
 G = Mean time per level.
                   A        B        C        D        E       F      G
               +--------+--------+--------+--------+--------+-----+--------+
         Total |   3331 |   3113 |    218 |    116 |   2073 |   4 |  832.8 |
       Dungeon |   3331 |   3113 |    218 |    116 |   2073 |   4 |  832.8 |
               +--------+--------+--------+--------+--------+-----+--------+

Top non-repeatable levels by time:
     D:2: 1550 daAuts
     D:3: 1139 daAuts
     D:1: 461 daAuts
     D:4: 180 daAuts
